 Dungeon Crawl Stone Soup version 0.22-a0-422-g9628fc8 (webtiles) character file.

13018 galech the Fighter (level 12, -2/96 HPs)
             Began as a Gnoll Wanderer on May 16, 2018.
             Was an Elder of Okawaru.
             Slain by a cacodemon (14 damage)
             ... on level 2 of the Abyss.
             The game lasted 00:28:02 (12614 turns).

galech the Fighter (Gnoll Wanderer)                Turns: 12614, Time: 00:28:03

Health: -2/96      AC: 18    Str: 16 (17) XL:     12   Next: 1%
Magic:  20/22      EV: 19    Int:  6 (8)  God:    Okawaru [****..]
Gold:   475        SH:  7    Dex: 17 (18) Spells: 24/24 levels left

rFire    + . .     SeeInvis +   n - +4 flail (protect)
rCold    . . .     Gourm    .   C - +0 buckler
rNeg     . . .     Faith    .   K - +4 ring mail of Instinct {+Inv Regen+ SInv}
rPois    .         Spirit   .   (helmet restricted)
rElec    .         Reflect  .   u - +0 cloak
rCorr    .         Harm     .   F - +1 pair of gloves
MR       .....     Rnd*Rage +   p - +1 pair of boots {Fly}
Stlth    ++++......             (no amulet)
HPRegen  0.66/turn              Q - +4 ring of strength
MPRegen  0.18/turn              h - ring of protection from fire

@: heroism, finesse, flying, slowed, very slow
A: distributed training, antennae 2, fangs 1, berserk 1, blurry vision 1[+2],
[clumsy 1], [deterioration 1], dopey 2, weak 2, strong nose
a: Heroism, Renounce Religion, Evoke Invisibility, Stop Flying


You were on level 2 of the Abyss.
You worshipped Okawaru.
Okawaru was greatly pleased with you.
You were not hungry.

You visited 2 branches of the dungeon, and saw 11 of its levels.
You visited the Abyss 1 time.
You also visited: Sewer and Volcano.

You collected 683 gold pieces.
You spent 208 gold pieces at shops.

Inventory:

Hand Weapons
 a - a +2 falchion
 g - a +4 short sword
 k - a +2 dagger of speed
 n - a +4 flail of protection (weapon)
Armour
 p - a +1 pair of boots of flying (worn)
 u - a +0 cloak (worn)
 C - a +0 buckler (worn)
 F - a +1 pair of gloves (worn)
 K - the +4 ring mail of Instinct (worn) {+Inv Regen+ SInv}
   (You found it on level 7 of the Dungeon)

   It lets you see invisible.
   It lets you turn invisible.
   It increases your rate of regeneration.
 N - a +0 leather armour of positive energy
 R - the +0 leather armour of Poor Excuses {rF+ rC+ Str+2 Dex+3}
   (You found it on level 8 of the Dungeon)

   It affects your strength (+2).
   It affects your dexterity (+3).
   It protects you from fire.
   It protects you from cold.
Jewellery
 h - a ring of protection from fire (right hand)
 i - a +4 ring of strength
 j - an uncursed ring of ice
 A - an uncursed ring of poison resistance
 B - a +2 ring of protection
 I - an uncursed ring of wizardry
 M - an uncursed ring of fire {unknown}
 O - an uncursed ring of positive energy
 Q - a +4 ring of strength (left hand)
Wands
 z - a wand of flame (13)
Scrolls
 m - 4 scrolls of immolation
 s - 3 scrolls of fear
 v - 2 scrolls of random uselessness
 x - 4 scrolls of blinking
 y - 3 scrolls of remove curse
 D - 5 scrolls of teleportation
 E - 2 scrolls of amnesia
 H - a scroll of enchant armour
 L - a scroll of identify
Potions
 b - 13 potions of curing
 c - a potion of lignification {unknown}
 e - a potion of might {unknown}
 f - 3 potions of brilliance {unknown}
 l - 4 potions of degeneration {unknown}
 o - a potion of resistance {unknown}
 q - 8 potions of heal wounds
 r - 4 potions of flight {unknown}
 t - a potion of agility {unknown}
 w - 2 potions of magic {unknown}
 G - a potion of haste {unknown}
 J - a potion of cancellation {unknown}
 P - a potion of invisibility
Comestibles
 d - 24 rations


   Skills:
 + Level 9.4(14.4) Fighting
 + Level 6.7(11.7) Short Blades
 + Level 8.2(13.2) Long Blades
 + Level 7.2(12.2) Axes
 + Level 6.7(11.7) Maces & Flails
 + Level 6.7(11.7) Polearms
 + Level 6.7(11.7) Staves
 + Level 6.7(11.7) Slings
 + Level 6.7(11.7) Bows
 + Level 6.7(11.7) Crossbows
 + Level 7.2(12.2) Throwing
 + Level 8.2(13.2) Armour
 + Level 6.7(11.7) Dodging
 + Level 6.7(11.7) Stealth
 + Level 6.7(11.7) Shields
 + Level 6.7(11.7) Unarmed Combat
 + Level 6.7 Spellcasting
 + Level 5.5 Conjurations
 + Level 5.5 Hexes
 + Level 5.5 Charms
 + Level 5.5 Summonings
 + Level 5.5 Necromancy
 + Level 5.5 Translocations
 + Level 5.5 Transmutations
 + Level 5.5 Fire Magic
 + Level 5.5 Ice Magic
 + Level 5.5 Air Magic
 + Level 5.5 Earth Magic
 + Level 5.5 Poison Magic
 + Level 7.3 Invocations
 + Level 7.2 Evocations


You had 24 spell levels left.
You didn't know any spells.
Your spell library contained the following spells:

 Spells                   Type           Power        Failure   Level  Hunger
 Spider Form              Tmut/Pois      #.........   12%         3    ###....
 Blade Hands              Tmut           #.........   73%         5    ######.
 Ice Form                 Ice/Tmut       #.......     36%         4    #####..
 Sticks to Snakes         Tmut           #.......     6%          2    ##.....
 Beastly Appendage        Tmut           #.....       4%          1    #......


Dungeon Overview and Level Annotations

Branches:
Dungeon (10/15)            Temple (0/1) D:7             Orc (1/2) D:10
   Lair: D:8-11

Altars:
Cheibriados
Dithmenos
Fedhas
Okawaru
Qazlal
Ru
Wu Jian
Zin

Shops:
D:4 !


Innate Abilities, Weirdness & Mutations

Your experience applies equally to all skills.
You have very sharp teeth.
Your uncanny sense of smell can sniff out nearby items.
You have a pair of antennae on your head.
You tend to lose your temper in combat.
You are very dopey. (Int -4)
You are very weak. (Str -4)
[Scrolls take you much longer to read.]
[You are clumsy. (Dex -2)]
[Your body sometimes deteriorates upon taking damage.]


Message History

You're too confused to move!
The small abomination hits you!
Your body deteriorates!
You feel clumsy. The small abomination hits you!
Unknown command.
You feel better.
A starcursed mass comes into view.
The cacodemon gestures at you. The bolt of energy hits you!
* * * LOW HITPOINT WARNING * * *
Your body deteriorates!
You feel weakened.
You block the small abomination's attack.
You feel much better.
The small abomination completely misses you.
The cacodemon gestures at you. The bolt of energy hits you!
* * * LOW HITPOINT WARNING * * *
A starcursed mass splits.
A small abomination comes into view.
The cacodemon hits you!
You die...

##. .. .#.#.##
#..#?..# #. # #
#. #{ ..# # . ..
#.# .#{. #..# #.
#X #... .. . .#
.#. ....#{.####
##. ..
##.##{#5#.# #. .
#.##xh..# ...
#.2@#{. ..# #.
.....#......#.##
. # ... ##....##
.## # ..##..# #
... .#x# ..##
.#.# .. .. . #..


You could see a starcursed mass, a cacodemon, a raiju, 2 small abominations and
a white imp.

Vanquished Creatures
  2 two-headed ogres (D:9)
  A thrashing horror (Abyss:2)
  A wretched star (Abyss:2)
  4 wizards (Volcano)
  Pikel (D:6)
  A shining eye (Abyss:2)
  2 large abominations (Abyss:2)
  A worldbinder (Abyss:2)
  The ghost of ololoev the Chopper, a novice GnBe of Trog (D:5)
  A smoke demon (Abyss:2)
  3 toenail golems (Volcano)
  A slime creature (D:6)
  A hippogriff (D:7)
  4 yaks (D:9)
  A chaos spawn (Abyss:2)
  A hungry ghost (D:8)
  Edmund (D:4)
  A water moccasin (D:5)
  4 ice beasts
  2 sky beasts
  3 orc warriors
  4 ogres
  A centaur (D:8)
  4 bullfrogs
  2 big kobolds
  A small abomination (Abyss:2)
  A wyvern zombie (D:8)
  A wyvern skeleton (D:7)
  A water moccasin skeleton (D:7)
  3 howler monkeys (D:8)
  4 crimson imps
  2 hounds
  2 centaur zombies (D:8)
  8 orc priests
  A centaur skeleton (D:4)
  6 jellies
  2 bullfrog skeletons (D:9)
  9 orc wizards
  Natasha (thrice) (D:1)
  5 iguanas
  4 worker ants
  A hound zombie (D:5)
  A worker ant zombie (D:7)
  16 adders
  9 gnolls
  6 river rats
  A shadow imp (D:5)
  18 oozes
  An adder skeleton (D:8)
  3 worms
  A dart slug (D:3)
  5 leopard geckos
  32 orcs
  7 giant cockroaches
  21 goblins
  14 hobgoblins
  17 jackals
  3 quokkas
  6 ball pythons
  13 bats
  5 frilled lizards
  38 kobolds
  A leopard gecko skeleton (D:4)
  28 rats
  A fungus (D:8)
349 creatures vanquished.

Vanquished Creatures (others)
  An ooze (D:6)
  5 fungi (D:6)
6 creatures vanquished.

Grand Total: 355 creatures vanquished

Notes
Turn   | Place    | Note
-------+----------+-------------------------------------------
     0 | D:1      | galech the Gnoll Wanderer began the quest for the Orb.
     0 | D:1      | galech set off with: a +2 falchion, a potion of curing, a +0 ring mail, a ration
     0 | D:1      | Reached XP level 1. HP: 23/23 MP: 2/2
   181 | D:1      | Reached XP level 2. HP: 27/29 MP: 3/3
   323 | D:1      | Reached XP level 3. HP: 26/35 MP: 4/4
   496 | D:1      | Reached skill level 1 in Invocations
   976 | D:2      | Reached skill level 1 in Short Blades
   976 | D:2      | Reached skill level 1 in Maces & Flails
   976 | D:2      | Reached skill level 1 in Polearms
   976 | D:2      | Reached skill level 1 in Staves
   976 | D:2      | Reached skill level 1 in Slings
   976 | D:2      | Reached skill level 1 in Bows
   976 | D:2      | Reached skill level 1 in Crossbows
   976 | D:2      | Reached skill level 1 in Dodging
   976 | D:2      | Reached skill level 1 in Stealth
   976 | D:2      | Reached skill level 1 in Shields
   976 | D:2      | Reached skill level 1 in Unarmed Combat
   976 | D:2      | Reached skill level 1 in Spellcasting
   989 | D:2      | Reached XP level 4. HP: 41/41 MP: 6/6
  1161 | D:2      | Noticed Natasha
  1588 | D:2      | Reached skill level 1 in Conjurations
  1588 | D:2      | Reached skill level 1 in Hexes
  1588 | D:2      | Reached skill level 1 in Charms
  1588 | D:2      | Reached skill level 1 in Summonings
  1588 | D:2      | Reached skill level 1 in Necromancy
  1588 | D:2      | Reached skill level 1 in Translocations
  1588 | D:2      | Reached skill level 1 in Transmutations
  1588 | D:2      | Reached skill level 1 in Fire Magic
  1588 | D:2      | Reached skill level 1 in Ice Magic
  1588 | D:2      | Reached skill level 1 in Air Magic
  1588 | D:2      | Reached skill level 1 in Earth Magic
  1588 | D:2      | Reached skill level 1 in Poison Magic
  1799 | D:1      | Killed Natasha
  1799 | D:1      | Reached XP level 5. HP: 20/47 MP: 7/7
  2195 | D:1      | Noticed Natasha
  2202 | D:1      | Killed Natasha
  2634 | D:1      | Noticed Natasha
  2642 | D:1      | Killed Natasha
  2715 | D:2      | Found a shadowy altar of Dithmenos.
  2734 | D:2      | Found a stormy altar of Qazlal.
  3098 | D:3      | Reached XP level 6. HP: 50/53 MP: 8/8
  3333 | D:3      | Found an iron altar of Okawaru.
  3347 | D:3      | Became a worshipper of Warmaster Okawaru
  3836 | D:4      | Reached skill level 5 in Long Blades
  3836 | D:4      | Reached skill level 5 in Armour
  3879 | D:4      | Found Lyrghoyrch's Distillery.
  3884 | D:4      | Bought a potion of heal wounds for 65 gold pieces
  3884 | D:4      | Bought a potion of mutation for 104 gold pieces
  3884 | D:4      | Bought a potion of curing for 39 gold pieces
  3884 | D:4      | Gained mutation: You passively map a small area around you. [potion of mutation]
  3884 | D:4      | Gained mutation: Your mind is acute. (Int +2) [potion of mutation]
  4333 | D:4      | Found a shadowy altar of Dithmenos.
  4380 | D:4      | Noticed Edmund
  4404 | D:4      | Killed Edmund
  4404 | D:4      | Reached * piety under Okawaru
  4404 | D:4      | Reached skill level 7 in Fighting
  4404 | D:4      | Reached XP level 7. HP: 35/60 MP: 10/10
  4407 | D:4      | Lost mutation: Your mind is acute. (Int +2) [potion of mutation]
  4407 | D:4      | Lost mutation: You passively map a small area around you. [potion of mutation]
  4407 | D:4      | Gained mutation: You have a pair of small antennae on your head. [potion of mutation]
  4407 | D:4      | Gained mutation: You have a pair of antennae on your head. [potion of mutation]
  5222 | D:5      | Entered Level 5 of the Dungeon
  5324 | D:5      | Noticed ololoev's ghost (novice GnBe)
  5346 | D:5      | Reached ** piety under Okawaru
  5346 | D:5      | Reached XP level 8. HP: 55/67 MP: 9/12
  5370 | D:5      | Killed ololoev's ghost
  5574 | D:5      | Found a glowing silver altar of Zin.
  6263 | D:6      | Reached XP level 9. HP: 72/72 MP: 14/14
  6513 | D:6      | Found a glowing drain.
  6523 | Sewer    | Entered a sewer
  6830 | Sewer    | Reached *** piety under Okawaru
  7402 | D:6      | Noticed Pikel
  7421 | D:6      | Killed Pikel
  7421 | D:6      | Reached skill level 5 in Axes
  7421 | D:6      | Reached skill level 5 in Throwing
  7421 | D:6      | Reached skill level 5 in Evocations
  7732 | D:6      | Reached skill level 8 in Fighting
  7965 | D:6      | Reached skill level 5 in Invocations
  8309 | D:7      | Reached **** piety under Okawaru
  8309 | D:7      | Received a gift from Okawaru
  8309 | D:7      | Reached XP level 10. HP: 47/80 MP: 15/17
  8786 | D:7      | Received a gift from Okawaru
  9140 | D:7      | Got a jewelled ring mail
  9151 | D:7      | Identified the +4 ring mail of Instinct {+Inv Regen+ SInv} (You found it on level 7 of the Dungeon)
  9312 | D:7      | Found a staircase to the Ecumenical Temple.
  9386 | D:8      | Reached skill level 5 in Short Blades
  9386 | D:8      | Reached skill level 5 in Maces & Flails
  9386 | D:8      | Reached skill level 5 in Polearms
  9386 | D:8      | Reached skill level 5 in Staves
  9386 | D:8      | Reached skill level 5 in Slings
  9386 | D:8      | Reached skill level 5 in Bows
  9386 | D:8      | Reached skill level 5 in Crossbows
  9386 | D:8      | Reached skill level 5 in Dodging
  9386 | D:8      | Reached skill level 5 in Stealth
  9386 | D:8      | Reached skill level 5 in Shields
  9386 | D:8      | Reached skill level 5 in Unarmed Combat
  9386 | D:8      | Reached skill level 5 in Spellcasting
  9497 | D:8      | Found a snail-covered altar of Cheibriados.
  9536 | D:8      | Found an ornate altar of the Wu Jian Council.
  9536 | D:8      | Found a blossoming altar of Fedhas.
  9550 | D:8      | Found a sacrificial altar of Ru.
  9608 | D:8      | Got a distressingly furry leather armour
  9619 | D:8      | Identified the cursed +0 leather armour of Poor Excuses {rF+ rC+ Str+2 Dex+3} (You found it on level 8 of the Dungeon)
  9764 | D:8      | Received a gift from Okawaru
 10706 | D:9      | Noticed a two-headed ogre
 10717 | D:9      | Killed a two-headed ogre
 11166 | D:9      | Noticed a two-headed ogre
 11429 | D:9      | Killed a two-headed ogre
 11429 | D:9      | Reached ***** piety under Okawaru
 11429 | D:9      | Reached XP level 11. HP: 64/87 MP: 17/19
 11434 | D:10     | Entered Level 10 of the Dungeon
 11446 | D:10     | Found a staircase to the Orcish Mines.
 11454 | Orc:1    | Entered Level 1 of the Orcish Mines
 11783 | Orc:1    | Found a dark tunnel.
 11791 | Volcano  | Entered a volcano
 11853 | Volcano  | Noticed a wizard
 11862 | Volcano  | Killed a wizard
 11869 | Volcano  | Received a gift from Okawaru
 11869 | Volcano  | Reached skill level 9 in Fighting
 11880 | Volcano  | Reached skill level 5 in Conjurations
 11880 | Volcano  | Reached skill level 5 in Hexes
 11880 | Volcano  | Reached skill level 5 in Charms
 11880 | Volcano  | Reached skill level 5 in Summonings
 11880 | Volcano  | Reached skill level 5 in Necromancy
 11880 | Volcano  | Reached skill level 5 in Translocations
 11880 | Volcano  | Reached skill level 5 in Transmutations
 11880 | Volcano  | Reached skill level 5 in Fire Magic
 11880 | Volcano  | Reached skill level 5 in Ice Magic
 11880 | Volcano  | Reached skill level 5 in Air Magic
 11880 | Volcano  | Reached skill level 5 in Earth Magic
 11880 | Volcano  | Reached skill level 5 in Poison Magic
 11941 | Volcano  | Noticed a wizard
 11947 | Volcano  | Killed a wizard
 11958 | Volcano  | Noticed a wizard
 11962 | Volcano  | Killed a wizard
 11987 | Volcano  | Noticed a wizard
 11989 | Volcano  | Noticed a wizard
 11995 | Volcano  | Killed a wizard
 12012 | Volcano  | Cast into level 2 of the Abyss (a wizard)
 12012 | Abyss:2  | Found a radiant altar of Vehumet.
 12157 | Abyss:2  | Noticed a wretched star
 12176 | Abyss:2  | Killed a wretched star
 12396 | Abyss:2  | Noticed a thrashing horror
 12409 | Abyss:2  | Noticed a shining eye
 12418 | Abyss:2  | Killed a thrashing horror
 12420 | Abyss:2  | Noticed a shining eye
 12430 | Abyss:2  | Gained mutation: [Scrolls take you much longer to read.] [a shining eye]
 12433 | Abyss:2  | Killed a shining eye
 12438 | Abyss:2  | Noticed a tentacled starspawn
 12441 | Abyss:2  | Noticed a revenant
 12463 | Abyss:2  | Noticed a large abomination
 12464 | Abyss:2  | Noticed a worldbinder
 12476 | Abyss:2  | Killed a large abomination
 12480 | Abyss:2  | Noticed an ironheart preserver
 12481 | Abyss:2  | Killed a worldbinder
 12506 | Abyss:2  | Noticed a hell hog
 12552 | Abyss:2  | Noticed a large abomination
 12568 | Abyss:2  | Killed a large abomination
 12568 | Abyss:2  | Reached XP level 12. HP: 86/96 MP: 20/22
 12573 | Abyss:2  | Noticed a cacodemon
 12580 | Abyss:2  | Gained mutation: You are weak. (Str -2) [a cacodemon]
 12587 | Abyss:2  | Gained mutation: You are dopey. (Int -2) [a cacodemon]
 12598 | Abyss:2  | Gained mutation: You are very weak. (Str -4) [a cacodemon]
 12600 | Abyss:2  | Gained mutation: You are very dopey. (Int -4) [a cacodemon]
 12606 | Abyss:2  | Gained mutation: You tend to lose your temper in combat. [a cacodemon]
 12613 | Abyss:2  | Noticed a starcursed mass
 12614 | Abyss:2  | Slain by a cacodemon

Vault maps used:
D:1:      shiori_arrival_elements
D:2:      cheibrodos_greedy_goblins, overflow_temple_1_default,
          old_standard_altar, kennysheep_cross_bottleneck, uniq_natasha
D:3:      okawaru_ov_weapons_minmay, serial_corexii_hall,
          corexii_hall_statues_t, corexii_hall_statues_u
D:4:      serial_shops, kennysheep_little_box, nicolae_dithmenos_the_darkroom,
          uniq_edmund
D:5:      corexii_shantytown, kennysheep_mini_moat, first_ration
D:6:      lemuel_slime, portal_sewer_entry_b, minmay_misc_feat_chi, uniq_pikel
D:7:      minmay_temple_entry_poolview, grunt_ogre_cave
D:8:      slow_altar_1, gammafunk_temple_overflow_elements, minivault_23,
          nicolae_ru_the_path_less_chosen
D:10:     minmay_lair_entry_grove, orc_0_dummy
Orc:1:    enter_volcano_1, nicolae_orc_stony_grotto, uniq_urug, uniq_josephine,
          uniq_fannar
Abyss:2:  minivault_13
Sewer:    sewer_minmay_treatment
Volcano:  volcano_bunker

Skill      XL: |  1  2  3  4  5  6  7  8  9 10 11 |
---------------+----------------------------------+-----
Invocations    | 1 2 3 4 5 6 7 |  7.3
Short Blades   | 1 2 3 4 5 6 |  6.7
Maces & Flails | 1 2 3 4 5 6 |  6.7
Polearms       | 1 2 3 4 5 6 |  6.7
Staves         | 1 2 3 4 5 6 |  6.7
Slings         | 1 2 3 4 5 6 |  6.7
Bows           | 1 2 3 4 5 6 |  6.7
Crossbows      | 1 2 3 4 5 6 |  6.7
Dodging        | 1 2 3 4 5 6 |  6.7
Stealth        | 1 2 3 4 5 6 |  6.7
Shields        | 1 2 3 4 5 6 |  6.7
Unarmed Combat | 1 2 3 4 5 6 |  6.7
Spellcasting   | 1 2 3 4 5 6 |  6.7
Conjurations   | 1 2 3 4 5 |  5.5
Hexes          | 1 2 3 4 5 |  5.5
Charms         | 1 2 3 4 5 |  5.5
Summonings     | 1 2 3 4 5 |  5.5
Necromancy     | 1 2 3 4 5 |  5.5
Translocations | 1 2 3 4 5 |  5.5
Transmutations | 1 2 3 4 5 |  5.5
Fire Magic     | 1 2 3 4 5 |  5.5
Ice Magic      | 1 2 3 4 5 |  5.5
Air Magic      | 1 2 3 4 5 |  5.5
Earth Magic    | 1 2 3 4 5 |  5.5
Poison Magic   | 1 2 3 4 5 |  5.5
Axes           | 3 4 5 6 7 |  7.2
Throwing       | 3 4 5 6 7 |  7.2
Evocations     | 3 4 5 6 7 |  7.2
Long Blades    | 5 6 7 8 |  8.2
Armour         | 5 6 7 8 |  8.2
Fighting       | 7 8 9 |  9.4

Action                   |  1- 3 |  4- 6 |  7- 9 | 10-12 || total
-------------------------+-------+-------+-------+-------++-------
Melee: Falchion          |    14 |       |       |       ||    14
       Bite              |     6 |    26 |    56 |    99 ||   187
       Short sword       |    54 |   226 |       |       ||   280
       Punch             |       |     2 |       |       ||     2
       Flail             |       |       |   467 |   519 ||   986
Invok: Heroism           |       |       |     1 |    10 ||    11
       Finesse           |       |       |       |     3 ||     3
  Use: Potion            |       |     1 |     2 |     7 ||    10
       Scroll            |       |       |     6 |     8 ||    14
 Stab: Distracted        |     1 |       |       |     1 ||     2
       Sleeping          |       |     2 |     2 |     9 ||    13
  Eat: Chunk             |       |    11 |    11 |    12 ||    34
       Ration            |       |       |     1 |     1 ||     2
Armor: Ring mail         |    34 |    82 |     4 |   106 ||   226
       Scale mail        |       |       |   204 |       ||   204
       Chain mail        |       |       |       |    58 ||    58
       Leather armour    |       |       |       |    29 ||    29
Dodge: Dodged            |    33 |   118 |   235 |   307 ||   693
Block: Buckler           |       |    13 |   131 |   157 ||   301
       Rpst.: Falchion   |     1 |       |       |       ||     1

Table legend:
 A = Spawn XP
 B = Non-spawn XP
 C = Spawn XP percentage of total XP
 D = Spawn monster count
 E = Non-spawn monster count
 F = Spawn count percentage of total count
 G = Total turns spent on level
                    A         B        C        D         E        F      G
               +---------+---------+-------+---------+---------+-------+---------
         Total |      87 |   18511 |   0.5 |       1 |     347 |   0.3 | 12614
               +---------+---------+-------+---------+---------+-------+---------
           D:1 |       0 |     201 |   0.0 |       0 |      41 |   0.0 |  1960
           D:2 |       0 |      94 |   0.0 |       0 |      23 |   0.0 |  1087
           D:3 |       0 |     106 |   0.0 |       0 |      25 |   0.0 |   978
           D:4 |       0 |     635 |   0.0 |       0 |      29 |   0.0 |  1197
           D:5 |       0 |    1296 |   0.0 |       0 |      40 |   0.0 |  1034
           D:6 |       0 |    1813 |   0.0 |       0 |      41 |   0.0 |  1431
           D:7 |       0 |    1112 |   0.0 |       0 |      27 |   0.0 |  1124
           D:8 |       0 |     983 |   0.0 |       0 |      28 |   0.0 |  1231
           D:9 |       0 |    3230 |   0.0 |       0 |      19 |   0.0 |   832
          D:10 |       0 |     215 |   0.0 |       0 |       6 |   0.0 |   284
         Orc:1 |       0 |     321 |   0.0 |       0 |       5 |   0.0 |    73
       Abyss:2 |      87 |    4299 |   2.0 |       1 |       8 |  11.1 |   602
         Sewer |       0 |     242 |   0.0 |       0 |      48 |   0.0 |   560
       Volcano |       0 |    3964 |   0.0 |       0 |       7 |   0.0 |   221
               +---------+---------+-------+---------+---------+-------+---------
